 Dungeon Crawl Stone Soup version 0.29.1-15-g9cfb28693d (webtiles) character file.

Game seed: 9161055762721813429

123 DemonSlayer the Digger (level 4, -10/30 HPs)
             Began as a Demonspawn Earth Elementalist on Feb 25, 2023.
             Mangled by Crazy Yiuf
             ... wielding a +2 quarterstaff of chaos
              (11 damage)
             ... on level 2 of the Dungeon.
             The game lasted 00:04:26 (2412 turns).

DemonSlayer the Digger (DsEE)                       Turns: 2412, Time: 00:04:26

Health: -10/30     AC:  3    Str: 10    XL:     4   Next: 80%
Magic:  4/8        EV: 12    Int: 16    God:
Gold:   95         SH:  0    Dex: 16    Spells: 5/8 levels left

rFire   . . .      SeeInvis .   b - +0 dagger
rCold   . . .      Faith    .   (no shield)
rNeg    . . .      Spirit   .   a - +0 robe
rPois   .          Reflect  .   (no helmet)
rElec   .          Harm     .   (no cloak)
rCorr   .          Rampage  .   c - +0 pair of gloves
Will    .....                   (no boots)
Stlth   +++.......              (no amulet)
HPRegen 0.10/turn               (no ring)
MPRegen 0.11/turn               (no ring)

@: no status effects
A: thin skeletal structure 1, demonic magic 2
a: no special abilities


You were on level 2 of the Dungeon.
You visited 1 branch of the dungeon, and saw 2 of its levels.

You collected 95 gold pieces.

Inventory:

Hand Weapons
 b - a +0 dagger (weapon)
Armour
 a - a +0 robe (worn)
 c - a +0 pair of gloves (worn)
Jewellery
 j - an amulet of guardian spirit
Wands
 e - a wand of flame (21)
Scrolls
 d - 3 scrolls of teleportation {unknown}
 f - 3 scrolls of identify {unknown}
 g - a scroll of vulnerability {unknown}
 h - a scroll of magic mapping {unknown}
Potions
 i - a potion of heal wounds {unknown}


   Skills:
 + Level 0.3 Short Blades
 + Level 2.2 Dodging
 + Level 2.6 Stealth
 + Level 2.7 Spellcasting
 + Level 0.8 Transmutations
 + Level 4.0 Earth Magic


You had 5 spell levels left.
You knew the following spells:

 Your Spells              Type           Power      Damage    Failure   Level
a - Sandblast             Erth           30%        2d9       3%          1
b - Passwall              Tmut/Erth      8%         N/A       11%         2

Your spell library contained the following spells:

 Spells                   Type           Power      Damage    Failure   Level
 Apportation              Tloc           4%         N/A       19%         1
 Necrotise                Necr           8%         1d4       19%         1
 Summon Small Mammal      Summ           8%         N/A       19%         1
 Stone Arrow              Conj/Erth      16%        3d8       26%         3
 Petrify                  Tmut/Erth      10%        N/A       56%         4
 Borgnjor's Vile Clutch   Necr/Erth      4%         N/A       93%         5
 Alistair's Intoxication  Tmut/Pois      2%         N/A       99%         5
 Eringya's Noxious Bog    Tmut/Pois      1%         N/A       100%        6


Dungeon Overview and Level Annotations

Branches:
Dungeon (2/15)

Altars:

Shops:
D:1 :   D:2 ([

Annotations:
D:2 Crazy Yiuf


Innate Abilities, Weirdness & Mutations

You have a somewhat thin skeletal structure. (Dex +2, Stealth+)
Spells you cast may paralyse nearby enemies.


Message History

Could not explore, unopened runed door.
You open the door.
Crazy Yiuf shouts!
There is an open translucent door here.
The blast of sand hits Crazy Yiuf.
Crazy Yiuf is moderately wounded.
Malevolent energies surge around you.
Crazy Yiuf drinks a potion.
Crazy Yiuf flickers and vanishes!
Deactivating autopickup; reactivate with Ctrl-A.
Casting: Sandblast (safe; 3% risk of failure)
Confirm with . or Enter, or press ? or * to list all spells.
Aiming: Sandblast (safe; 3% risk of failure)
Press: ? - help, Shift-Dir - straight line, f - you That would be overly suicidal.
Okay, then.
Casting: Sandblast (safe; 3% risk of failure)
Confirm with . or Enter, or press ? or * to list all spells.
Aiming: Sandblast (safe; 3% risk of failure)
Press: ? - help, Shift-Dir - straight line Malevolent energies surge around you.
Casting: Sandblast (safe; 3% risk of failure)
Confirm with . or Enter, or press ? or * to list all spells.
You don't know that spell.
Casting: Sandblast (safe; 3% risk of failure)
Confirm with . or Enter, or press ? or * to list all spells.
Aiming: Sandblast (safe; 3% risk of failure)
Press: ? - help, Shift-Dir - straight line The blast of sand hits something but does no damage.
Malevolent energies surge around you.
Casting: Sandblast (safe; 3% risk of failure)
Confirm with . or Enter, or press ? or * to list all spells.
Aiming: Sandblast (safe; 3% risk of failure)
Press: ? - help, Shift-Dir - straight line The blast of sand hits something but does no damage.
Malevolent energies surge around you. Something hits you!
You are electrocuted!!
Ouch! That really hurt!
* * * LOW HITPOINT WARNING * * *
Something hits you!
You die...

######### #........
#.####..# #.####..#
#.##.....
#######....#..# ####
###.#.....####..#
#...##..#.............
#...'@####......######
#)..### ##....## ####
###### #######
#.....## #.....##
#.....## #.....##
#.....##


There were no monsters in sight!

Vanquished Creatures
  Jessica (D:2)
  3 adders (D:2)
  A worm (D:2)
  2 dart slugs (D:2)
  8 bats
  6 endoplasms
  3 giant cockroaches
  7 goblins
  8 hobgoblins
  4 jackals (D:2)
  A quokka (D:1)
  3 ball pythons
  2 frilled lizards (D:1)
  3 kobolds
  5 rats
57 creatures vanquished.

Notes
Turn   | Place    | Note
-------+----------+-------------------------------------------
     0 | D:1      | DemonSlayer the Demonspawn Earth Elementalist began the
                  | quest for the Orb.
     0 | D:1      | Reached XP level 1. HP: 13/13 MP: 3/3
   172 | D:1      | Reached skill level 3 in Earth Magic
   230 | D:1      | Gained mutation: Spells you cast may paralyse adjacent
                  | enemies. [demonic ancestry]
   230 | D:1      | Reached XP level 2. HP: 19/19 MP: 1/5
   400 | D:1      | Found Ymaphuma's Book Boutique.
  1023 | D:1      | Learned a level 2 spell: Passwall
  1046 | D:2      | Gained mutation: Spells you cast may paralyse nearby
                  | enemies. [demonic ancestry]
  1046 | D:2      | Reached XP level 3. HP: 19/24 MP: 3/6
  1217 | D:2      | Noticed Jessica
  1223 | D:2      | Killed Jessica
  1300 | D:2      | Gained mutation: You have a somewhat thin skeletal
                  | structure. (Dex +2, Stealth+) [demonic ancestry]
  1300 | D:2      | Reached XP level 4. HP: 30/30 MP: 2/7
  1769 | D:2      | Found Fizucrut's Antique Armour Emporium.
  1857 | D:2      | Found Nakhlatt's Weapon Boutique.
  1892 | D:2      | Found a runed translucent door.
  1893 | D:2      | Noticed Crazy Yiuf
  2068 | D:2      | Reached skill level 4 in Earth Magic
  2197 | D:2      | Found a faded altar of an unknown god.
  2410 | D:2      | HP: 1/30 [something (20)]
  2412 | D:2      | Mangled by Crazy Yiuf

Illustrated notes

Levels and vault maps discovered:
D:1:      spicycebolla_green_bress_n_ham, layout_loops_ring, serial_shops,
          shop_fountains, minmay_pentomino_x2
D:2:      layout_loops_cross, hellmonk_ecumenical_altar_prayer_group,
          serial_shops, nicolae_shop_bloodbath_and_beyond,
          nicolae_shop_hallway_stairs, grunt_decor_fettered, nrook_mini_vaults,
          chequers_big_river, minmay_quantized, uniq_jessica,
          uniq_crazy_yiuf_cottage

Skill      XL: |  1  2  3  4 |
---------------+-------------+-----
Earth Magic    | 3 4 |  4.0
Dodging        | 2 |  2.2
Stealth        | 2 |  2.6
Short Blades   | |  0.3
Spellcasting   | |  2.7
Transmutations | |  0.8

Action                   |  1- 3 |  4- 6 || total
-------------------------+-------+-------++-------
Melee: Unarmed           |     3 |       ||     3
       Dagger            |    23 |    23 ||    46
 Cast: Sandblast         |    39 |    29 ||    68
  Use: Potion            |     1 |       ||     1
 Stab: Sleeping          |     4 |     6 ||    10
       Paralysed         |     2 |     3 ||     5
Armor: Robe              |    10 |     8 ||    18
Dodge: Dodged            |    26 |    21 ||    47
